 Dungeon Crawl Stone Soup version 0.32-a0-560-g4c7f4391e0 (webtiles) character file.

Game seed: 7245443975371350733

44505 Implojin the Severer (level 14, -7/110 HPs)
             Began as a Coglin Brigand on Feb 29, 2024.
             Was the Champion of Okawaru.
             Mangled by Snorg (21 damage)
             ... on level 4 of the Lair of Beasts.
             The game lasted 00:33:27 (16174 turns).

Implojin the Severer (Coglin Brigand)              Turns: 16174, Time: 00:33:27

Health: -7/110     AC:  0    Str: 14    XL:     14   Next: 29%
Magic:  19/20      EV: 18    Int: 11    God:    Okawaru [******]
Gold:   1997       SH:  0    Dex: 18    Spells: 13/13 levels left

rFire   + . .        S - melded +3 war axe "Wuhyseunu" {flame, *Rage rElec rC+++ Dex+2}
rCold   . . .        f - melded +5 broad axe "Fibye" {heavy, *Slow rN++ rCorr Str+3 Dex+3}
rNeg    . . .        v - melded +0 chain mail of the Ward {Regen+ Stlth+}
rPois   .            o - melded +2 helmet
rElec   .            c - melded +0 cloak
rCorr   .            D - melded +1 pair of gloves
SInv    .            y - melded +1 pair of boots
Will    +....        (no amulet)
Stlth   ++++         (ring currently unavailable)
HPRegen 0.38/turn    (ring currently unavailable)
MPRegen 0.17/turn    P - actuated generator {Rampage Acrobat rF+ Slay+3}

%: acrobat, rampage
@: pig-form, heroic, on berserk cooldown, slowed
A: fast, no casting, small, (off-hand wielding), (slow wielding), (warmup
strikes), (no jewelry)
a: Renounce Religion, Heroism, Finesse, Duel


You were on level 4 of the Lair of Beasts.
You worshipped Okawaru.
Okawaru was exalted by your worship.
You were a filthy swine.
You visited 3 branches of the dungeon, and saw 16 of its levels.
You also visited: Bailey and Ice Cave.

You collected 1997 gold pieces.

Inventory:

Hand Weapons
 f - the +5 broad axe "Fibye" (melded) {heavy, *Slow rN++ rCorr Str+3 Dex+3}
   (Okawaru gifted it to you on level 1 of the Lair of Beasts)

   Str+3:     It affects your strength (+3).
   Dex+3:     It affects your dexterity (+3).
   rN++:      It greatly protects you from negative energy.
   rCorr:     It protects you from acid and corrosion.
   *Slow:     It may slow you when you take damage.
 Q - a +1 broad axe {Iseul}
 S - the +3 war axe "Wuhyseunu" (melded) {flame, *Rage rElec rC+++ Dex+2}
   (You acquired it in a bailey)

   Dex+2:     It affects your dexterity (+2).
   rC+++:     It renders you almost immune to cold.
   rElec:     It insulates you from electricity.
   *Rage:     It berserks you when you make melee attacks (+20% chance).
Missiles
 d - 30 poisoned darts
 e - 4 curare-tipped darts
 g - 118 stones
 h - 7 atropa-tipped darts
 n - 5 boomerangs (quivered)
 s - a silver javelin
 w - 5 javelins
 C - 2 throwing nets
 M - 6 datura-tipped darts
 T - a dart of dispersal
Armour
 c - a +0 cloak (melded)
 o - a +2 helmet (melded)
 v - the +0 chain mail of the Ward (melded) {Regen+ Stlth+}
   (Okawaru gifted it to you on level 1 of the Lair of Beasts)

   Regen+:    It increases your rate of health regeneration.
   Stlth+:    It makes you more stealthy.
 y - a +1 pair of boots (melded)
 D - a +1 pair of gloves (melded)
Gizmo
 P - an actuated generator (installed) {Rampage Acrobat rF+ Slay+3}
   (You invented it yourself in an ice cave)

   [actuated generator]

   Slay+3:    It affects your accuracy & damage with ranged weapons and melee
   (+3).
   rF+:       It protects you from fire.
   Rampage:   It bestows one free step when moving towards enemies.
   Acrobat:   It increases your evasion after moving or waiting.
Wands
 H - a wand of roots (8)
 J - a wand of mindburst (8)
Scrolls
 a - 4 scrolls of vulnerability {unknown}
 b - 3 scrolls of fog
 i - 3 scrolls of silence
 l - 2 scrolls of teleportation
 m - 4 scrolls of revelation
 x - 4 scrolls of enchant weapon
 z - a scroll of butterflies {unknown}
 A - a scroll of poison
 E - a scroll of amnesia {unknown}
 G - 3 scrolls of noise {unknown}
 K - 4 scrolls of immolation
 O - a scroll of blinking {unknown}
 Y - a scroll of identify
Potions
 j - 5 potions of haste
 k - 8 potions of curing
 p - a potion of ambrosia {unknown}
 q - 4 potions of berserk rage
 t - a potion of lignification {unknown}
 u - 2 potions of heal wounds {unknown}
 B - a potion of attraction {unknown}
 F - a potion of might {unknown}
 I - a potion of invisibility {unknown}
 L - 2 potions of enlightenment {unknown}
 N - 2 potions of resistance {unknown}
 U - a potion of cancellation {unknown}
 V - a potion of experience {unknown}
 W - a potion of mutation {unknown}
 X - a potion of magic {unknown}
Miscellaneous
 R - a condenser vane


   Skills:
 - Level 10.0(15.0) Fighting
 - Level 4.0(9.0) Short Blades
 - Level 17.8(23.0) Axes
 - Level 3.8(16.4) Maces & Flails
 - Level 1.7(6.7) Throwing
 * Level 7.2(12.2) Armour
 - Level 0.8(5.8) Dodging
 - Level 3.2(8.2) Stealth
 - Level 8.0 Invocations


You had 13 spell levels left.
You didn't know any spells.
Your spell library contained the following spells:

 Spells                   Type           Power      Damage    Failure   Level
 Foxfire                  Conj/Fire      0%         2x1d4     34%         1
 Kiss of Death            Conj/Necr      0%         2d5       34%         1
 Magic Dart               Conj           0%         1d3       34%         1
 Necrotise                Necr           0%         1d4       34%         1
 Slow                     Hex            0%         N/A       34%         1
 Blink                    Tloc           0%         N/A       47%         2
 Ensorcelled Hibernation  Hex/Ice        0%         N/A       47%         2
 Mercury Vapours          Alch/Air       0%         N/A       47%         2
 Confusing Touch          Hex            0%         N/A       71%         3
 Ozocubu's Armour         Ice            0%         N/A       71%         3
 Passwall                 Erth           0%         N/A       71%         3
 Sigil of Binding         Hex            0%         N/A       71%         3
 Swiftness                Air            0%         N/A       71%         3
 Vampiric Draining        Necr           0%         2d6       71%         3
 Airstrike                Air            0%         2d(0-16)  98%         4
 Vhi's Electric Charge    Tloc/Air       0%         N/A       98%         4
 Arcjolt                  Conj/Air       0%         1d10      100%        5
 Curse of Agony           Necr           0%         N/A       100%        5
 Metabolic Englaciation   Hex/Ice        0%         N/A       100%        5
 Silence                  Hex/Air        0%         N/A       100%        5
 Plasma Beam              Fire/Air       0%         2x1d10    100%        6
 Starburst                Conj/Fire      0%         6d3       100%        6
 Maxwell's Capacitive Co  Air            0%         ∞         100%        8
 Chain Lightning          Conj/Air       0%         N/A       100%        9
 Call Imp                 Summ           Unusable   N/A       N/A         2
 Martyr's Knell           Necr/Summ      Unusable   N/A       N/A         4
 Sculpt Simulacrum        Ice/Alch       Unusable   N/A       N/A         6

Dungeon Overview and Level Annotations

Branches:
Dungeon (11/15)            Temple (1/1) D:4            Lair (4/5) D:10
  Swamp (0/4) Lair:2        Snake (0/4) Lair:3        Slime (0/5) Lair:4
    Orc (0/2) D:11         Bailey (visited)           IceCv (visited)

Altars:
Ashenzari
Cheibriados
Dithmenos
Elyvilon
Fedhas
Gozag
Hepliaklqana
Kikubaaqudgha
Makhleb
Nemelex Xobeh
Okawaru
Qazlal
Ru
Sif Muna
Trog
Uskayaw
Vehumet
Wu Jian
Xom
Yredelemnul
Zin
The Shining One
Beogh

Shops:
D:3 *

Annotations:
Lair:1 3 runed translucent doors, exclusion: 3 doors, dogverified's ghost, journeyman TrGl
Lair:3 2 transporters
Lair:4 Kirke; Snorg


Innate Abilities, Weirdness & Mutations

You are a filthy swine.
You move quickly.
Your equipment is almost entirely melded.
You are incapable of wielding weapons or throwing items.
You cannot cast spells.
((You can wield a second weapon in your off-hand.))
((It takes a long time for you to wield or remove held weapons.))
((Your first few attacks do less damage.))
((You cannot equip rings or amulets.))


Message History

Kirke is severely wounded.
You slash the hog with the +3 war axe "Wuhyseunu"!
You burn the hog.
You kill the hog!
Okawaru accepts your kill.
You slash the hog with the +3 war axe "Wuhyseunu"!
You burn the hog.
You kill the hog!
Okawaru accepts your kill.
You closely miss Snorg with the +3 war axe "Wuhyseunu".
You slice Kirke with the +5 broad axe "Fibye"!!
You slash Snorg with the +5 broad axe "Fibye"!
Snorg bites you but does no damage. Snorg claws you. Snorg barely misses you.
Kirke casts a spell at you.
You turn into a filthy swine.
The +3 war axe "Wuhyseunu" {flame, *Rage rElec rC+++ Dex+2} melds into your body.
Your +0 cloak melds into your body.
Your +2 helmet melds into your body.
Your +1 pair of gloves melds into your body.
Your +1 pair of boots melds into your body.
The +5 broad axe "Fibye" {heavy, *Slow rN++ rCorr Str+3 Dex+3} melds into your body.
The +0 chain mail of the Ward {Regen+ Stlth+} melds into your body.
The +3 war axe "Wuhyseunu" {flame, *Rage rElec rC+++ Dex+2} stops flaming.
The komodo dragon bites you! Snorg bites you! Snorg claws you!
Snorg barely misses you.
Danger: Low HP Warning |T2| Reason: 42% HP (47/110)
You hit Kirke.
Kirke is almost dead.
Snorg completely misses you. Snorg closely misses you. Snorg misses you.
Kirke hits you. The komodo dragon closely misses you.
Danger: Low HP Warning |T3| Reason: 38% HP (42/110)
As you read the scroll of fear, it crumbles to dust.
You assume a fearsome visage.
Snorg is unaffected.
Kirke looks frightened!
The komodo dragon looks frightened!
Snorg completely misses you. Snorg barely misses you. Snorg claws you!
Kirke gestures wildly while chanting.
Kirke flickers and vanishes!
Deactivating autopickup; reactivate with Ctrl-A.
Snorg bites you. Snorg barely misses you. Snorg claws you!
Snorg closely misses you. Snorg claws you!!
You die...

**,........#####
***..............#
****,,..............# ##
*,*,,,........P#....# #P
**,,,,..#.....##...†## ##.
*,,,,,,#..[......†.#.## ###..
*****,***##...l...†.....P####....
,,**,,,**.......T.........#....#.
>,,,,,,,,......{h.............##.
,,**,,,,,#......{...........####.
,,***,,,,....^..............# #.
,,**,,,,,...............#..## ##
******,,,..............#####
*,,,P#?..........##* #
*,,,*#.#.#..#......* #
*,*,*###.####......* #
********,****..,,,** ###


You could see Snorg (berserk) and a komodo dragon (fleeing).

Vanquished Creatures
  Rupert (Lair:3)
  A frost giant (IceCv)
  An orc warlord (Bailey)
  An ice dragon (Lair:4)
  A two-headed ogre (D:10)
  2 hydras (Lair:2)
  9 death yaks (IceCv)
  A skyshark (Lair:4)
  A necromancer (Lair:2)
  A manticore (D:11)
  15 elephants
  An ice statue (IceCv)
  7 cane toads
  8 rime drakes
  Maggie (D:6)
  7 komodo dragons
  Psyche (D:10)
  3 trolls
  9 polar bears
  9 blink frogs
  A hornet (D:8)
  7 dream sheep (Lair:3)
  3 wyverns
  A wraith (D:11)
  A fire bat (D:8)
  2 basilisks
  3 hogs (Lair:4)
  29 yaks
  Eustachio (D:4)
  2 steam dragons (D:8)
  2 nagas (Lair:3)
  A swamp worm (Lair:2)
  11 water moccasins
  18 orc warriors
  A sky beast (D:8)
  2 ice beasts
  2 black bears
  4 ogres
  17 wolves
  8 centaurs
  2 kobold brigands
  14 bullfrogs
  2 gnoll sergeants
  3 scorpions
  A wight (D:8)
  3 killer bees (D:9)
  3 electric eels (Lair:2)
  3 howler monkeys
  Crazy Yiuf (D:5)
  4 hounds
  4 jellies
  A bombardier beetle (D:6)
  2 gnoll boudas
  9 orc priests
  Natasha (thrice) (D:3)
  16 orc wizards
  2 iguanas (D:5)
  3 polar bear simulacra (Lair:2)
  3 yak simulacra (Lair:2)
  3 wolf simulacra (Lair:2)
  32 gnolls
  3 adders
  2 white imps
  4 dart slugs
  A ribbon worm (D:2)
  40 orcs
  12 ball pythons
  9 endoplasms
  7 giant cockroaches
  21 goblins
  9 hobgoblins
  7 jackals (D:3)
  3 quokkas
  2 bats
  2 frilled lizards (D:1)
  13 kobolds
  5 rats
  2 river rat simulacra (Lair:2)
452 creatures vanquished.

Notes
Turn   | Place    | Note
-------+----------+-------------------------------------------
     0 | D:1      | Implojin the Coglin Brigand began the quest for the Orb.
     0 | D:1      | Reached XP level 1. HP: 16/16 MP: 1/1
   204 | D:1      | Reached XP level 2. HP: 22/22 MP: 2/2
   481 | D:1      | Reached XP level 3. HP: 25/27 MP: 3/3
   568 | D:1      | Got Sif Muna's Secrets of the Nimbus
  1008 | D:2      | Reached XP level 4. HP: 20/33 MP: 4/4
  1849 | D:3      | Reached XP level 5. HP: 33/41 MP: 5/5
  2047 | D:3      | Found an opulent altar of Gozag.
  2105 | D:3      | Reached skill level 1 in Axes
  2314 | D:3      | Reached skill level 2 in Axes
  2413 | D:3      | Found Venapusy's General Store.
  2416 | D:3      | Noticed Natasha
  2428 | D:3      | Killed Natasha
  2496 | D:3      | Noticed Natasha
  2497 | D:3      | Found a faded altar of an unknown god.
  2505 | D:3      | Killed Natasha
  2506 | D:3      | Reached skill level 3 in Axes
  2506 | D:3      | Reached skill level 1 in Maces & Flails
  2506 | D:3      | Reached XP level 6. HP: 39/47 MP: 6/6
  2514 | D:3      | Got Plato's Grimoire of the Barrage
  2710 | D:3      | Noticed Natasha
  2716 | D:3      | Killed Natasha
  2919 | D:3      | Found a sacrificial altar of Ru.
  2950 | D:3      | Became a worshipper of Ru the Awakened
  3186 | D:4      | Noticed a black bear
  3214 | D:4      | Reached skill level 4 in Axes
  3216 | D:4      | Reached XP level 7. HP: 48/52 MP: 7/7
  3524 | D:4      | Identified the +0 robe "Oxkisoa" {rF+ rC+ SInv}
  3560 | D:4      | Reached skill level 5 in Axes
  3682 | D:4      | Found a staircase to the Ecumenical Temple.
  3709 | Temple   | Entered the Ecumenical Temple
  3738 | Temple   | Fell from the grace of Ru
  3738 | Temple   | Became a worshipper of Warmaster Okawaru
  3893 | D:5      | Entered Level 5 of the Dungeon
  3900 | D:5      | Noticed Eustachio
  4076 | D:4      | Killed Eustachio
  4126 | D:5      | Reached skill level 6 in Axes
  4126 | D:5      | Reached XP level 8. HP: 57/60 MP: 8/8
  4178 | D:5      | Reached * piety under Okawaru
  4310 | D:5      | Reached skill level 7 in Axes
  4591 | D:5      | Found a runed translucent door.
  4592 | D:5      | Noticed Crazy Yiuf
  4598 | D:5      | Killed Crazy Yiuf
  4675 | D:5      | Reached skill level 1 in Invocations
  5465 | D:6      | Reached ** piety under Okawaru
  5478 | D:6      | Noticed Maggie
  5492 | D:6      | Killed Maggie
  5493 | D:6      | Reached XP level 9. HP: 56/65 MP: 8/12
  5561 | D:6      | Found a blossoming altar of Fedhas.
  5588 | D:6      | Reached skill level 5 in Invocations
  6108 | D:6      | Reached skill level 5 in Fighting
  6436 | D:7      | Reached *** piety under Okawaru
  6638 | D:7      | Found a shimmering blue altar of Sif Muna.
  6891 | D:7      | Found an ornate altar of the Wu Jian Council.
  7185 | D:8      | Reached skill level 8 in Axes
  7352 | D:8      | Reached skill level 9 in Axes
  7356 | D:8      | Reached XP level 10. HP: 21/79 MP: 11/13
  7588 | D:8      | Found a shimmering altar of Xom.
  7599 | D:8      | Reached skill level 10 in Axes
  8072 | D:8      | Reached **** piety under Okawaru
  8540 | D:8      | Found a shimmering altar of Xom.
  9021 | D:9      | Reached skill level 11 in Axes
  9127 | D:9      | Found a white marble altar of Elyvilon.
  9305 | D:9      | Found a glowing silver altar of Zin.
  9306 | D:9      | Found an ancient bone altar of Kikubaaqudgha.
  9307 | D:9      | Found a sparkling altar of Nemelex Xobeh.
  9863 | D:10     | Entered Level 10 of the Dungeon
  9890 | D:10     | Found a flagged portal.
  9902 | Bailey   | Entered a bailey
 10141 | Bailey   | Noticed an orc warlord
 10171 | Bailey   | Identified the +6 glaive "Xoschovuh" {flame, rPois rN++
                  | Str-2 Stlth+}
 10190 | Bailey   | Reached skill level 12 in Axes
 10274 | Bailey   | Killed an orc warlord
 10274 | Bailey   | Reached ***** piety under Okawaru
 10275 | Bailey   | Reached XP level 11. HP: 17/84 MP: 14/14
 10449 | Bailey   | Reached skill level 13 in Axes
 10479 | Bailey   | Acquired the +3 war axe "Wuhyseunu" {flame, *Rage rElec
                  | rC+++ Dex+2}
 10707 | D:10     | Found a staircase to the Lair.
 10865 | D:10     | Noticed Psyche
 10875 | D:10     | Killed Psyche
 11010 | D:10     | Noticed a two-headed ogre
 11018 | D:10     | Killed a two-headed ogre
 11720 | D:11     | Noticed a manticore
 11731 | D:11     | Killed a manticore
 11961 | D:11     | Found a staircase to the Orcish Mines.
 11972 | D:11     | Found a roughly hewn altar of Beogh.
 12259 | Lair:1   | Entered Level 1 of the Lair of Beasts
 12297 | Lair:1   | Received a gift from Okawaru
 12374 | Lair:1   | Reached XP level 12. HP: 91/91 MP: 17/17
 12635 | Lair:1   | Found a runed translucent gate.
 12635 | Lair:1   | Found a runed translucent gate.
 12635 | Lair:1   | Found a runed translucent gate.
 12652 | Lair:1   | Noticed a minotaur
 12653 | Lair:1   | Noticed dogverified's ghost (journeyman TrGl)
 12704 | Lair:1   | Acquired 881 gold pieces
 13262 | Lair:2   | Noticed a seven-headed hydra
 13375 | Lair:2   | Received a gift from Okawaru
 13472 | Lair:2   | Reached skill level 10 in Fighting
 13481 | Lair:2   | Reached skill level 1 in Armour
 13638 | Lair:2   | Noticed a six-headed hydra
 13643 | Lair:2   | Reached ****** piety under Okawaru
 13647 | Lair:2   | Received a gift from Okawaru
 13654 | Lair:1   | Acquired the +5 broad axe "Fibye" {heavy, *Slow rN++ rCorr
                  | Str+3 Dex+3}
 13654 | Lair:1   | Received a gift from Okawaru
 13656 | Lair:1   | Acquired the +0 chain mail of the Ward {Regen+ Stlth+}
 13656 | Lair:1   | Received a gift from Okawaru
 13697 | Lair:2   | Killed a six-headed hydra
 13727 | Lair:2   | Found a staircase to the Swamp.
 13763 | Lair:2   | Reached skill level 5 in Armour
 13834 | Lair:2   | Killed a seven-headed hydra
 13836 | Lair:2   | Reached skill level 14 in Axes
 14302 | Lair:2   | Reached XP level 13. HP: 103/103 MP: 17/19
 14475 | Lair:3   | Noticed Rupert
 14486 | Lair:3   | Killed Rupert
 14486 | Lair:3   | Received a gift from Okawaru
 14487 | Lair:3   | Reached skill level 15 in Axes
 14733 | Lair:3   | Found a transporter.
 14734 | Lair:3   | Found a transporter.
 14744 | Lair:3   | Found a staircase to the Snake Pit.
 15269 | Lair:4   | Found a staircase to the Slime Pits.
 15278 | Lair:4   | Reached skill level 16 in Axes
 15388 | Lair:4   | Found a frozen archway.
 15394 | Lair:4   | Noticed an ice dragon
 15403 | Lair:4   | Received a gift from Okawaru
 15405 | Lair:4   | Killed an ice dragon
 15420 | IceCv    | Entered an ice cave
 15448 | IceCv    | Reached skill level 17 in Axes
 15544 | IceCv    | Reached XP level 14. HP: 110/110 MP: 20/20
 15556 | IceCv    | Acquired an actuated generator {Rampage Acrobat rF+ Slay+3}
 15577 | IceCv    | Noticed a frost giant
 15582 | IceCv    | Received a gift from Okawaru
 15590 | IceCv    | Killed a frost giant
 16163 | Lair:4   | Noticed Snorg
 16165 | Lair:4   | Noticed Kirke
 16174 | Lair:4   | Mangled by Snorg

Illustrated notes

Levels and vault maps discovered:
D:1:      matt_arrival_los_fun, layout_basic, minmay_misc_feat_columns,
          minmay_misc_feat_square, minmay_tromino_mix6
D:2:      layout_basic, chequers_serial_rivers_small_b
D:3:      layout_basic, nicolae_gozag_seed_capital,
          nicolae_ru_great_annihilating_truth, serial_shops, shop,
          shapermc_ecumenical_altar_rom_forum, uniq_natasha
D:4:      layout_loops_ring, minmay_temple_entry_offerings
D:5:      layout_cave_pools, nicolae_nh_ransacked_shop, uniq_eustachio,
          uniq_crazy_yiuf_cottage
D:6:      layout_basic, mainiacjoe_overflow_concentric_impassable,
          dk_rats_in_the_wall, uniq_maggie
D:7:      layout_loops_ring, tgw_sif, mainiacjoe_overflow_24_doors
D:8:      minmay_octagon_keep, layout_cave_pools, regret_index_xom_of_box,
          minmay_misc_feat_x
D:9:      layout_grid_maze, minitemple
D:10:     layout_roguey, lair_entry_dummy, enter_bailey_7, uniq_psyche
D:11:     layout_roguey, minmay_orc_entry_temple_small, hive_lemuel
Temple:   nicolae_temple_godzebo
Lair:1:   layout_cave_pods, maelrawn_ghost_gauntlet_escape,
          infiniplex_staircase_pool, grunt_megastairs_2
Lair:2:   layout_chaotic_city, nicolae_swamp_entry_splash_gauntlet,
          fungi_pond_lemuel, nicolae_lair_lil_pond, eino_house_with_fridge,
          lemuel_fruit_tree
Lair:3:   gammafunk_boulding_lane, layout_chaotic_city,
          minmay_snake_entry_guardpost_small, uniq_rupert
Lair:4:   layout_misc_corridors, slime_entry_1,
          portal_ice_cave_entry_animals_and_master, uniq_snorg, uniq_kirke

Skill      XL: |  1  2  3  4  5  6  7  8  9 10 11 12 13 14 |
---------------+-------------------------------------------+-----
Short Blades   | 2 3 4 |  4.0
Fighting       | 3 4 7 10 | 10.0
Axes           | 3 4 6 7 9 12 13 14 17 | 17.8
Maces & Flails | 1 2 3 |  3.8
Invocations    | 4 5 7 8 |  8.0
Armour         | 5 7 |  7.2
Throwing       | |  1.7
Dodging        | |  0.8
Stealth        | |  3.2

Action                     |  1- 3 |  4- 6 |  7- 9 | 10-12 | 13-15 || total
---------------------------+-------+-------+-------+-------+-------++-------
  Melee: Dagger            |    39 |    46 |       |       |       ||    85
         Hand axe          |    37 |    98 |   174 |   191 |       ||   500
         Whip              |       |    51 |   177 |    63 |       ||   291
         Flail             |       |       |       |   128 |       ||   128
         War axe           |       |       |       |   188 |   145 ||   333
         Broad axe         |       |       |       |   179 |   153 ||   332
         Unarmed           |       |       |       |       |     1 ||     1
  Throw: Dart              |     3 |    23 |    33 |    49 |     1 ||   109
         Stone             |       |       |    38 |     4 |       ||    42
         Throwing net      |       |       |       |     2 |       ||     2
         Boomerang         |       |       |       |     8 |     4 ||    12
 Invoke: Heroism           |       |       |     3 |    12 |     4 ||    19
         Receive Weapon    |       |       |       |     1 |       ||     1
         Receive Armour    |       |       |       |     1 |       ||     1
Ability: Invent Gizmo      |       |       |       |       |     1 ||     1
  Evoke: Wand              |       |       |     1 |     4 |     1 ||     6
         Condenser vane    |       |       |       |     1 |     1 ||     2
    Use: Scroll            |       |     2 |     3 |    14 |     4 ||    23
         Potion            |       |       |     1 |       |       ||     1
   Stab: Sleeping          |     7 |     4 |     3 |     7 |     1 ||    22
         Distracted        |     1 |       |     1 |     1 |       ||     3
         Invisible         |       |     1 |       |       |       ||     1
         Paralysed         |       |     1 |       |       |       ||     1
         Held in net/web   |       |       |       |     1 |       ||     1
         Confused          |       |       |       |     1 |       ||     1
 Armour: Robe              |    24 |    10 |       |       |       ||    34
         Ring mail         |       |    91 |    71 |       |       ||   162
         Steam dragon scal |       |       |    95 |    38 |       ||   133
         Troll leather arm |       |       |       |   246 |       ||   246
         Chain mail        |       |       |       |    41 |   208 ||   249
         Skin              |       |       |       |       |     8 ||     8
  Dodge: Dodged            |    23 |    75 |   116 |   203 |   105 ||   522

Table legend: (Time is in decaauts)
 A = Elapsed time spent in this place.
 B = Non-inter-level travel time spent in this place.
 C = Inter-level travel time spent in this place.
 D = Time resting spent in this place.
 E = Time spent auto-exploring this place.
 F = Levels seen in this place.
 G = Mean time per level.
                   A        B        C        D        E       F      G
               +--------+--------+--------+--------+--------+-----+--------+
         Total |  16475 |  15789 |    686 |    674 |  10999 |  18 |  915.3 |
       Dungeon |  11581 |  11073 |    508 |    502 |   8215 |  11 | 1052.8 |
        Temple |     58 |      9 |     49 |      0 |      0 |   1 |   58.0 |
          Lair |   3606 |   3478 |    128 |     57 |   2440 |   4 |  901.5 |
        Bailey |    651 |    651 |      0 |     94 |     73 |   1 |  651.0 |
      Ice Cave |    576 |    576 |      0 |     20 |    271 |   1 |  576.0 |
               +--------+--------+--------+--------+--------+-----+--------+

Top non-repeatable levels by time:
     D:6: 1449 daAuts
     D:8: 1445 daAuts
     D:9: 1202 daAuts
  Lair:1: 1119 daAuts
     D:3: 1103 daAuts
  Lair:2: 1099 daAuts
     D:4: 1056 daAuts
     D:2: 1009 daAuts
     D:7: 979 daAuts
    D:10: 961 daAuts
  Lair:3: 942 daAuts
     D:1: 875 daAuts
    D:11: 842 daAuts
     D:5: 655 daAuts
  Bailey: 651 daAuts
